Map: Pylon LE

Players

ManlyManMeat

  • Race: Terran Terran
  • League: Master
  • Spawn Location: 5:00

VOD

Have the link to the VOD?

Description

Time

  • Played on: May 20, 2025, 12:49 p.m.
  • Length: 8:12
Show
View Real Time Build Order
Export as new Build Order

ManlyManMeat Terran 

Build Orders:  

Get SALT Encoding   

  12  0:00  SCV  
  13  0:17  SCV  
  14  0:23  Supply Depot  
  14  0:35  SCV  
  15  0:54  SCV  
  15  0:56  Barracks  
  16  1:01  Refinery  
  16  1:10  SCV  
  17  1:27  SCV  
  18  1:44  SCV  
  19  2:05  Orbital Command  
  19  2:08  Reaper  
  20  2:22  Command Center  
  20  2:40  Supply Depot  
  20  2:45  SCV  
  20  2:48  Marine  
  21  3:02  SCV  
  22  3:14  Factory  
  22  3:19  Barracks Reactor, SCV  
  23  3:35  Unknown  
  23  3:36  SCV  
  24  3:53  SCV  
  24  3:54  Command Center  
  25  4:11  Orbital Command  
  25  4:14  SCV  
  26  4:23  Barracks  
  26  4:29  Barracks Tech Lab  
  26  4:31  SCV  
  26  4:34  Stimpack  
  27  4:47  Hellion, SCV  
  27  4:48  Hellion  
  32  4:55  Refinery  
  32  4:56  SCV  
  33  5:07  Marine  
  33  5:09  SCV  
  35  5:13  SCV  
  36  5:29  SCV  
  38  5:30  SCV  
  38  5:34  Marine  
  40  5:43  Starport  
  40  5:46  Factory Reactor  
  39  5:50  SCV x2  
  39  5:53  Orbital Command  
  39  5:55  Marine  
  39  5:56  Marine  
  39  5:59  Marine  
  44  6:07  SCV  
  44  6:08  SCV  
  46  6:20  Marine x2  
  46  6:24  SCV, Marine  
  46  6:25  SCV  
  51  6:36  Refinery  
  51  6:39  Hellion x2  
  53  6:45  Marine  
  53  6:46  Medivac  
  56  7:00  Armory  
  56  7:09  Hellion x2  
  60  7:24  Marine  
  60  7:25  Supply Depot  
  61  7:32  Supply Depot  
  61  7:54  Factory Tech Lab  
  61  7:58  Supply Depot  
  66  8:03  Supply Depot  
Tags
 
League
Master
Matchup
Co-op
Add a new tag
Caveats
  • Supply blocks, unpowered buildings, or Contaminate may cause inaccurate times.
  • Supply counts are checked every 10 seconds.